 Dungeon Crawl Stone Soup version 0.27-a0-1565-gad902ab807 (webtiles) character file.

Game seed: 4091095085562876291

5816 gimp the Cleaver (level 11, 0/84 HPs)
             Began as a Formicid Wanderer on July 16, 2021.
             Was a Believer of Okawaru.
             Slain by a tengu warrior (14 damage)
             ... on level 9 of the Dungeon.
             The game lasted 00:24:43 (13009 turns).

gimp the Cleaver (Formicid Wanderer)               Turns: 13009, Time: 00:24:44

Health: 0/84       AC: 16    Str: 21    XL:     11   Next: 7%
Magic:  10/12      EV: 11    Int: 12    God:    Okawaru [**....]
Gold:   2738       SH: 13    Dex:  9    Spells: 12/12 levels left

rFire    . . .     SeeInvis +   a - +3 war axe (freeze)
rCold    + + .     Faith    .   h - +1 kite shield {rC+}
rNeg     . . .     Spirit   .   n - +4 scale mail {rPois}
rPois    +         Reflect  .   (helmet unavailable)
rElec    .         Harm     .   k - +2 cloak {Stlth+}
rCorr    .         Rampage  .   (no gloves)
Will     +....                  (no boots)
Stlth    ++........             (no amulet)
HPRegen  0.24/turn              i - ring of protection from cold
MPRegen  0.13/turn              (no ring)

@: heroic
A: permanent stasis, dig shafts and tunnels, antennae 3, four strong arms
a: Dig, Shaft Self, Renounce Religion, Heroism


You were on level 9 of the Dungeon.
You worshipped Okawaru.
Okawaru was pleased with you.
You visited 2 branches of the dungeon, and saw 10 of its levels.
You also visited: Sewer.

You collected 2985 gold pieces.
You spent 247 gold pieces at shops.

Inventory:

Hand Weapons
 a - a +3 war axe of freezing (weapon)
 b - a +2 battleaxe of flaming
Missiles
 j - 25 poisoned darts (quivered)
 p - 8 atropa-tipped darts
 r - 2 throwing nets
Armour
 h - a +1 kite shield of cold resistance (worn)
 k - a +2 cloak of stealth (worn)
 n - a +4 scale mail of poison resistance (worn)
Jewellery
 f - a +6 ring of intelligence
 i - a ring of protection from cold (left hand)
Wands
 d - a wand of polymorph (1)
Scrolls
 c - 2 scrolls of summoning
 v - a scroll of fear
 x - a scroll of fog
Potions
 e - 2 potions of brilliance
 g - 2 potions of degeneration {unknown}
 m - 6 potions of flight
 q - a potion of mutation
 t - a potion of might
 u - a potion of lignification


   Skills:
 - Level 7.0(12.0) Fighting
 * Level 11.9(16.9) Axes
 + Level 6.1(11.1) Armour
 - Level 1.0(6.0) Dodging
 + Level 5.6(10.6) Shields
 - Level 2.0(7.0) Unarmed Combat
 - Level 1.1 Spellcasting
 - Level 3.6 Conjurations
 - Level 2.0 Invocations
 - Level 2.1 Evocations


You had 12 spell levels left.
You didn't know any spells.
Your spell library contained the following spells:

 Spells                   Type           Power      Damage    Failure   Level
 Apportation              Tloc           0%         N/A       54%         1
 Gell's Gravitas          Tloc           0%         N/A       89%         3
 Dispersal                Tloc           0%         N/A       100%        6
 Disjunction              Tloc           0%         N/A       100%        8


Dungeon Overview and Level Annotations

Branches:
Dungeon (9/15)             Temple (1/1) D:6           Sewer (visited)
   Lair: D:8-11         Orc: D:9-12

Altars:
Ashenzari
Cheibriados
Dithmenos
Elyvilon
Fedhas
Hepliaklqana
Kikubaaqudgha
Makhleb
Okawaru
Qazlal
Ru
Sif Muna
Trog
Uskayaw
Xom
Zin
The Shining One

Shops:
D:4 !   D:8 [

Annotations:
D:2 Purgy
D:7 Harold


Innate Abilities, Weirdness & Mutations

You cannot be hasted, slowed, berserked, paralysed or teleported.
You can dig through walls and to a lower floor.
You have a pair of large antennae on your head. (SInv)
Your four strong arms can wield two-handed weapons with a shield.


Message History

You gain the combat prowess of a mighty hero.
You block the tengu warrior's attack.
The tengu warrior pecks you but does no damage.
The tengu warrior barely misses you.
You now have 10/12 mp.
You barely miss the tengu warrior.
The tengu warrior is heavily wounded.
The tengu warrior hits you with a +6 great mace of holy wrath!
* * * LOW HITPOINT WARNING * * *
You block the tengu warrior's attack. x2
You take 8 damage, and have 22/84 hp.
Okay, then.
Okay, then.
Okay, then.
You miss the tengu warrior.
The tengu warrior is heavily wounded.
The tengu warrior hits you with a +6 great mace of holy wrath!
* * * LOW HITPOINT WARNING * * *
The tengu warrior pecks you but does no damage.
The tengu warrior barely misses you.
You take 8 damage, and have 14/84 hp.
You slash the tengu warrior! You freeze the tengu warrior.
The tengu warrior is severely wounded.
You barely miss the orc priest. The orc priest closely misses you.
You slash the tengu warrior! You freeze the tengu warrior.
The tengu warrior is almost dead.
You hit the orc priest. You freeze the orc priest.
You block the tengu warrior's attack. x2; The tengu warrior claws you.
* * * LOW HITPOINT WARNING * * *
You completely miss the tengu warrior.
The tengu warrior is almost dead.
You hit the orc priest. You freeze the orc priest.
You kill the orc priest!
Okawaru accepts your kill. You block the tengu warrior's attack.
The tengu warrior barely misses you.
The tengu warrior claws you but does no damage.
You miss the tengu warrior.
The tengu warrior is almost dead.
The tengu warrior hits you with a +6 great mace of holy wrath!
You die...

##.#.#.##......#.
##.#.#.#.##.....#. ##
##.#.#.#.#.##....#. #.{
#.#.#.#.#.#.#..!.#. ..#
###.#.#.#.#.##....#.
#.##'.#.#.#.#.#.+.[.)#.
#..##)#.#.#.#.##...)[.
##..#Q#)#.#.#.#.#....#.
#'####@#.#.#.#.##....#.
#.......##.#.#.#.##.....##
#.........##.#.#.##........
#..........o###'###.........
.......l...o.................
.............................
....Q..###########......#####
....... #......#....
#......#....


You could see a tengu warrior.

Vanquished Creatures
  A two-headed ogre (D:9)
  Pikel (D:4)
  A cyclops (D:9)
  An ugly thing (D:9)
  Maggie (D:8)
  A hornet (D:9)
  A wyvern (D:9)
  4 yaks (D:8)
  2 water moccasins
  An orc warrior (D:8)
  3 centaurs (D:8)
  2 ogres
  2 phantoms (D:4)
  A kobold brigand (D:9)
  3 bullfrogs
  A gnoll sergeant (D:6)
  A scorpion (D:7)
  3 killer bees (D:8)
  4 howler monkeys
  A wight (D:9)
  The ghost of MrDNA the Sneak, a weakling OpFi (D:3)
  2 centaur zombies
  Crazy Yiuf (D:3)
  2 bullfrog skeletons (D:6)
  A gnoll shaman (D:6)
  6 hounds
  5 orc priests
  Terence (D:3)
  Jessica (D:3)
  4 iguanas
  5 orc wizards
  9 adders
  9 gnolls
  2 river rats (D:4)
  2 white imps
  An ufetubus (D:5)
  7 worms
  A dart slug (D:3)
  27 orcs
  11 ball pythons
  7 bats
  5 endoplasms
  4 giant cockroaches
  7 goblins
  4 hobgoblins
  7 jackals
  11 kobolds
  5 quokkas
  4 frilled lizards
  17 rats
204 creatures vanquished.

Vanquished Creatures (others)
  A plant (D:9)
1 creature vanquished.

Grand Total: 205 creatures vanquished

Notes
Turn   | Place    | Note
-------+----------+-------------------------------------------
     0 | D:1      | gimp the Formicid Wanderer began the quest for the Orb.
     0 | D:1      | gimp set off with the following items: a +0 club, a +0
                  | robe, a wand of flame (15); and the following spells
                  | available to memorise: Apportation, Gell's Gravitas
     0 | D:1      | Reached XP level 1. HP: 13/13 MP: 2/2
   491 | D:1      | Reached skill level 1 in Fighting
   668 | D:1      | Found a faded altar of an unknown god.
   674 | D:1      | Reached XP level 2. HP: 21/21 MP: 3/3
   957 | D:1      | Reached skill level 1 in Armour
  1634 | D:1      | Reached XP level 3. HP: 27/27 MP: 4/4
  1900 | D:2      | HP: 1/27 [adder (3)]
  2627 | D:2      | Reached skill level 1 in Shields
  2807 | D:2      | Reached XP level 4. HP: 19/34 MP: 5/5
  3346 | D:3      | Noticed Terence
  3362 | D:3      | Killed Terence
  3761 | D:3      | Found a runed translucent door.
  3767 | D:3      | Noticed MrDNA's ghost (weakling OpFi)
  3793 | D:3      | Reached XP level 5. HP: 24/41 MP: 6/6
  3798 | D:3      | Reached skill level 1 in Axes
  3984 | D:3      | Killed MrDNA's ghost
  4104 | D:3      | Noticed Purgy
  4126 | D:2      | You fall into a shaft and drop 1 floor!
  4436 | D:3      | Noticed a moth of wrath
  4475 | D:3      | Found a bloodstained altar of Trog.
  4849 | D:3      | Found a runed translucent door.
  4850 | D:3      | Noticed Crazy Yiuf
  4887 | D:3      | Noticed Jessica
  4890 | D:3      | Reached XP level 6. HP: 47/47 MP: 7/7
  4899 | D:3      | Killed Jessica
  4900 | D:3      | Reached skill level 2 in Axes
  5064 | D:3      | Killed Crazy Yiuf
  5380 | D:3      | Identified 2 scrolls of acquirement
  5380 | D:3      | Acquired a +2 battleaxe of flaming
  5383 | D:3      | Acquired 1169 gold pieces
  5554 | D:4      | Found Cailec's Distillery.
  5723 | D:4      | Reached skill level 3 in Axes
  5723 | D:4      | Reached XP level 7. HP: 25/55 MP: 8/8
  6003 | D:4      | Reached skill level 4 in Axes
  6010 | D:4      | Found the +2 hood of the Assassin {Detection Stab+ Stlth++}
  6077 | D:4      | Found a glowing drain.
  6174 | Sewer    | Entered a sewer
  6778 | Sewer    | Reached skill level 5 in Fighting
  7201 | D:4      | Bought a potion of heal wounds for 50 gold pieces
  7201 | D:4      | Bought a potion of might for 40 gold pieces
  7397 | D:5      | Entered Level 5 of the Dungeon
  7561 | D:5      | Noticed Pikel
  7612 | D:4      | Killed Pikel
  7613 | D:4      | Reached skill level 6 in Axes
  7613 | D:4      | Reached XP level 8. HP: 29/64 MP: 9/9
  8155 | D:5      | Acquired 1311 gold pieces
  8265 | D:5      | Reached skill level 7 in Axes
  8320 | D:5      | Reached XP level 9. HP: 25/71 MP: 10/10
  8897 | D:6      | Found a staircase to the Ecumenical Temple.
  9173 | D:6      | Reached skill level 8 in Axes
  9409 | D:6      | Found an ancient bone altar of Kikubaaqudgha.
  9412 | Temple   | Entered the Ecumenical Temple
  9624 | Temple   | Became a worshipper of Warmaster Okawaru
 10004 | D:6      | Reached skill level 9 in Axes
 10200 | D:6      | Found a broken altar of Ashenzari.
 10594 | D:7      | Identified the +4 mace "Upojaj" {elec, Str+2 Int+2}
 10604 | D:7      | Noticed Maggie
 10706 | D:7      | Noticed Harold
 10781 | D:7      | You fall into a shaft and drop 1 floor!
 10864 | D:8      | Reached skill level 1 in Invocations
 10876 | D:8      | Reached * piety under Okawaru
 10880 | D:8      | Reached skill level 10 in Axes
 10880 | D:8      | Reached XP level 10. HP: 58/79 MP: 11/11
 11383 | D:8      | Killed Maggie
 12015 | D:8      | Found Dodon's Antique Armour Shop.
 12223 | D:8      | Reached skill level 11 in Axes
 12467 | D:8      | Bought a glowing kite shield for 157 gold pieces
 12660 | D:9      | Noticed a two-headed ogre
 12661 | D:9      | Noticed a purple ugly thing
 12673 | D:9      | Reached skill level 5 in Armour
 12674 | D:9      | Killed a two-headed ogre
 12674 | D:9      | Reached ** piety under Okawaru
 12683 | D:9      | Killed a purple ugly thing
 12684 | D:9      | Reached skill level 5 in Shields
 12724 | D:9      | Noticed a cyclops
 12874 | D:9      | Killed a cyclops
 12875 | D:9      | Reached XP level 11. HP: 81/84 MP: 12/12
 12983 | D:9      | Noticed a tengu warrior
 13009 | D:9      | Slain by a tengu warrior

Illustrated notes

Levels and vault maps discovered:
D:1:      dpeg_arrival_orchard, layout_loops_ring,
          ebering_ecumenical_altar_sacrificial, amcnicky_mini_pool_small,
          minivault_11, chequers_serial_rivers_micro_c, chequers_jeans
D:2:      layout_loops_ring
D:3:      layout_loops_corners, tgw_trog, ebering_ghost_sewer_d, uniq_terence,
          uniq_jessica, uniq_purgy, uniq_crazy_yiuf_cottage
D:4:      layout_basic, portal_sewer_entry_e, serial_shops, shop
D:5:      layout_cave_pools, minmay_misc_feat_chi, uniq_pikel
D:6:      layout_cave_pools, nicolae_ashenzari_panopticon, tgw_kikubaaqudgha,
          temple_statues, lemuel_flame_loot_1
D:7:      layout_loops_ring, mainiacjoe_overflow_large_starburst, uniq_harold,
          uniq_maggie, uniq_menkaure
D:8:      layout_basic, serial_shops, nicolae_shop_window_shopping
D:9:      minmay_the_grid_octo_tiled_octocenter [minmay_the_grid_octo_horde,
          minmay_the_grid_octo_checkered, minmay_the_grid_octo_fat_diamond,
          minmay_the_grid_octo_pinwheel,
          minmay_the_grid_octo_prize_square_snowflake,
          minmay_the_grid_square_5x5_percent,
          minmay_the_grid_square_5x5_minibox, minmay_the_grid_square_5x5_z,
          minmay_the_grid_square_5x5_slash], layout_irregular_city,
          minmay_overflow_temple_star_quad, david_lair_shrubbed
Temple:   eino_temple_water

Skill      XL: |  1  2  3  4  5  6  7  8  9 10 11 |
---------------+----------------------------------+-----
Fighting       | 1 2 3 4 6 7 |  7.0
Armour         | 1 2 3 5 6 |  6.1
Shields        | 1 2 3 4 5 |  5.6
Axes           | 1 3 6 7 10 11 | 11.9
Invocations    | 2 |  2.0
Dodging        | |  1.0
Unarmed Combat | |  2.0
Spellcasting   | |  1.1
Conjurations   | |  3.6
Evocations     | |  2.1

Action                   |  1- 3 |  4- 6 |  7- 9 | 10-12 || total
-------------------------+-------+-------+-------+-------++-------
Melee: Club              |    29 |       |       |       ||    29
       Dagger            |   125 |     2 |       |       ||   127
       Hand axe          |       |   245 |   631 |       ||   876
       Flail             |       |    14 |       |       ||    14
       Battleaxe         |       |       |    20 |   116 ||   136
       War axe           |       |       |       |    24 ||    24
       Unarmed           |       |       |       |     4 ||     4
Throw: Dart              |       |       |     4 |       ||     4
Invok: Heroism           |       |       |       |     3 ||     3
 Abil: Dig               |       |     3 |    15 |     4 ||    22
       Shaft Self        |       |     1 |     1 |       ||     2
Evoke: Wand              |     7 |     4 |     4 |       ||    15
  Use: Scroll            |     1 |     5 |     7 |     2 ||    15
       Potion            |     1 |     1 |     4 |     3 ||     9
Armor: Leather armour    |    42 |       |       |       ||    42
       Scale mail        |       |   133 |   289 |    66 ||   488
       Chain mail        |       |     5 |       |       ||     5
Dodge: Dodged            |    79 |   119 |   290 |    77 ||   565
Block: Buckler           |     7 |    45 |   143 |    29 ||   224
       Kite shield       |       |       |       |    29 ||    29

Table legend: (Time is in decaauts)
 A = Elapsed time spent in this place.
 B = Non-inter-level travel time spent in this place.
 C = Inter-level travel time spent in this place.
 D = Time resting spent in this place.
 E = Time spent auto-exploring this place.
 F = Levels seen in this place.
 G = Mean time per level.
                   A        B        C        D        E       F      G
               +--------+--------+--------+--------+--------+-----+--------+
         Total |  13218 |  12835 |    383 |   2246 |   7875 |  11 | 1201.6 |
       Dungeon |  12171 |  11797 |    374 |   2120 |   7166 |   9 | 1352.3 |
        Temple |    222 |    213 |      9 |      0 |    204 |   1 |  222.0 |
         Sewer |    824 |    824 |      0 |    126 |    505 |   1 |  824.0 |
               +--------+--------+--------+--------+--------+-----+--------+

Top non-repeatable levels by time:
     D:3: 2005 daAuts
     D:1: 1942 daAuts
     D:8: 1914 daAuts
     D:2: 1668 daAuts
     D:4: 1589 daAuts
     D:6: 1436 daAuts
     D:5: 1200 daAuts
   Sewer: 824 daAuts
     D:9: 322 daAuts
  Temple: 222 daAuts
     D:7: 91 daAuts
